Map: Void Thrashing

Players

ZPR

  • Race: Zerg Zerg
  • League: Master
  • Spawn Location: 9:00

zpr

  • Race: Terran Terran
  • Spawn Location: 6:00

VOD

Have the link to the VOD?

Description

Time

  • Played on: March 2, 2018, 8:26 a.m.
  • Length: 13:00
Show
View Real Time Build Order
Export as new Build Order

ZPR Zerg 

Build Orders:  

Get SALT Encoding   

  12  0:08  Drone  
  13  0:12  Drone  
  14  0:25  Overlord  
  14  0:34  Extractor  
  14  0:37  Drone  
  14  0:42  Extractor  
  14  0:43  Drone  
  14  0:52  Drone  
  15  1:02  Drone  
  16  1:16  Drone  
  17  1:29  Spawning Pool  
  16  1:35  Drone  
  17  1:47  Drone  
  18  2:04  Lair  
  18  2:06  Drone  
  19  2:17  Drone  
  20  2:42  Overlord  
  20  2:50  Evolution Chamber  
  19  3:08  Nydus Network  
  18  3:15  Drone  
  18  3:16  Drone  
  20  3:22  Drone  
  21  3:34  Heroic Fortitude  
  21  3:56  Hatchery  
  21  3:58  Chain Reaction  
  20  4:13  Omega Worm  
  22  4:28  Zergling x4  
  24  4:31  Overlord  
  24  4:32  Hive  
  24  4:34  Hardened Carapace  
  24  4:35  Zerg Melee Weapons Level 1  
  22  4:49  Zergling x6  
  25  4:57  Zergling x2  
  26  5:03  Zergling x2  
  26  5:04  Zergling x4  
  26  5:05  Zergling x6  
  26  5:06  Zergling  
  26  5:07  Zergling  
  26  5:08  Zergling x3  
  32  5:10  Zergling  
  27  5:12  Metabolic Boost, Zergling  
  27  5:14  Zergling  
  27  5:15  Zergling x2  
  27  5:18  Zergling x9  
  27  5:19  Zergling x3  
  27  5:20  Zergling  
  27  5:21  Zergling x2  
  27  5:24  Zergling x4  
  27  5:25  Zergling x3  
  27  5:26  Zergling  
  27  5:28  Zergling x11  
  27  5:29  Zergling  
  29  5:30  Zergling x2  
  29  5:32  Zergling x8  
  29  5:33  Zergling  
  29  5:34  Zergling x4  
  29  5:35  Zergling x6  
  29  5:36  Zergling x2  
  29  5:38  Zergling x2  
  29  5:39  Ability Efficiency  
  31  5:44  Zergling x2  
  31  5:53  Overlord  
  31  5:54  Queen  
  33  6:04  Omega Worm  
  33  6:09  Zergling x4  
  32  6:27  Zergling x5  
  32  6:28  Queen, Zergling x7  
  32  6:29  Adrenal Overload, Zergling x5  
  40  6:30  Zerg Melee Weapons Level 2, Zergling x3  
  34  6:31  Zergling x2  
  34  6:34  Zergling  
  34  6:36  Zergling x3  
  34  6:41  Zergling x3  
  34  6:44  Zergling x10  
  37  6:58  Overlord  
  37  7:03  Zergling x4  
  37  7:06  Zergling x2  
  37  7:09  Omega Worm  
  40  7:19  Zergling x4  
  42  7:29  Zergling x2  
  43  7:34  Zergling x2  
  43  7:38  Zergling x2  
  45  7:44  Shredding Claws  
  45  8:00  Zergling x6  
  45  8:01  Zergling x2  
  49  8:18  Zerg Melee Weapons Level 3  
  49  8:24  Overlord  
  49  8:26  Zergling x2  
  49  8:27  Zergling x2  
  51  8:37  Zergling x2  
  51  8:38  Zergling x15  
  51  8:39  Zergling x3  
  53  8:40  Zergling x4  
  53  8:41  Zergling x10  
  53  8:42  Zergling x7  
  53  8:43  Zergling x8  
  53  8:44  Zergling x5  
  53  8:45  Zergling x5  
  53  8:46  Zergling x4  
  53  8:47  Zergling x3  
  53  8:48  Zergling x2  
  53  8:49  Zergling  
  53  8:50  Zergling x6  
  53  8:51  Zergling x9  
  53  8:52  Zergling x12  
  53  8:53  Zergling  
  53  8:54  Zergling x8  
  53  8:55  Zergling x8  
  53  8:56  Zergling x10  
  53  8:57  Zergling x14  
  53  8:58  Zergling x6  
  53  8:59  Zergling x9  
  53  9:00  Zergling x6  
  53  9:01  Zergling x9  
  53  9:02  Zergling x3  
  53  9:03  Zergling x8  
  53  9:05  Zergling x7  
  53  9:06  Zergling x3  
  53  9:07  Zergling x19  
  53  9:08  Zergling x17  
  53  9:09  Zergling x3  
  57  9:10  Zergling x8  
  57  9:11  Zergling x5  
  57  9:12  Zergling x6  
  57  9:13  Zergling x2  
  57  9:14  Zergling x5  
  57  9:15  Zergling x2  
  57  9:16  Overlord, Zergling x5  
  53  9:20  Zergling  
  53  9:21  Zergling x4  
  53  9:22  Zergling x11  
  53  9:23  Zergling x6  
  53  9:26  Zergling x2  
  53  9:27  Zergling x4  
  51  9:40  Zergling x5  
  51  9:41  Zergling x14  
  51  9:42  Zergling x4  
  51  9:43  Zergling x12  
  51  9:44  Zergling x10  
  51  9:45  Zergling x21  
  51  9:46  Zergling x5  
  51  9:47  Zergling x8  
  51  9:48  Zergling x6  
  51  9:49  Zergling x8  
  55  9:50  Zergling x2  
  55  9:51  Zergling x7  
  55  9:52  Zergling x9  
  55  9:53  Zergling x6  
  55  9:54  Zergling x15  
  55  9:55  Zergling x17  
  55  9:56  Zergling x7  
  55  9:57  Zergling x14  
  55  9:58  Zergling x3  
  55  9:59  Zergling x7  
  61  10:00  Zergling x14  
  55  10:01  Zergling x10  
  55  10:02  Zergling x8  
  55  10:03  Omega Worm, Zergling x8  
  55  10:04  Zergling x5  
  55  10:05  Zergling x5  
  55  10:06  Zergling x5  
  55  10:07  Zergling x7  
  55  10:09  Zergling x7  
  62  10:10  Zergling x9  
  50  10:11  Zergling x5  
  50  10:12  Zergling x18  
  50  10:13  Zergling x17  
  50  10:14  Zergling x16  
  50  10:15  Zergling x9  
  50  10:16  Zergling x7  
  50  10:17  Zergling x4  
  50  10:18  Zergling x3  
  50  10:19  Zergling x2  
  52  10:20  Zergling x3  
  52  10:21  Zergling x8  
  52  10:22  Zergling x13  
  52  10:23  Zergling x5  
  52  10:26  Zergling x8  
  52  10:27  Zergling x6  
  52  10:28  Zergling x7  
  52  10:29  Zergling x7  
  51  10:30  Zergling  
  51  10:31  Zergling  
  51  10:35  Zergling x14  
  51  10:37  Zergling x5  
  51  10:38  Zergling x2  
  51  10:39  Zergling x5  
  44  10:40  Zergling  
Show
View Real Time Build Order
Export as new Build Order

zpr Terran 

Build Orders:  

Get SALT Encoding   

Tags
 
League
Master
Matchup
Co-op
Replay Pack
Co-op Speedrun
Add a new tag
Caveats
  • Supply blocks, unpowered buildings, or Contaminate may cause inaccurate times.
  • Supply counts are checked every 10 seconds.